 Dungeon Crawl Stone Soup version 0.29-a0-719-g0fec994a2d (webtiles) character file.

Game seed: 3060902716227659172

2920 Vlad6379123 the Basher (level 9, -10/78 HPs)
             Began as a Minotaur Fighter on June 27, 2022.
             Was an Initiate of Okawaru.
             Mangled by Erolcha
             ... wielding a +0 giant club
              (37 damage)
             ... on level 9 of the Dungeon.
             The game lasted 02:22:48 (9583 turns).

Vlad6379123 the Basher (Minotaur Fighter)           Turns: 9583, Time: 02:22:49

Health: -10/78     AC: 17    Str: 22    XL:     9   Next: 50%
Magic:  8/8        EV: 10    Int:  5    God:    Okawaru [......]
Gold:   396        SH:  5    Dex: 13    Spells: 8/8 levels left

rFire   . . .      SeeInvis .   x - +2 whip (freeze)
rCold   . . .      Faith    .   c - +0 buckler
rNeg    . . .      Spirit   .   m - +4 ring mail {rPois}
rPois   +          Reflect  .   (helmet restricted)
rElec   .          Harm     .   (no cloak)
rCorr   .          Rampage  .   (no gloves)
Will    .....                   z - +2 pair of boots
Stlth   +.........              l - amulet of regeneration
HPRegen 1.03/turn               y - +4 ring of protection
MPRegen 0.11/turn               (no ring)

@: flying
A: horns 2, retaliatory headbutt
a: Renounce Religion


You were on level 9 of the Dungeon.
You worshipped Okawaru.
Okawaru was noncommittal.
You visited 2 branches of the dungeon, and saw 10 of its levels.
You visited the Abyss 1 time.

You collected 396 gold pieces.

Inventory:

Hand Weapons
 a - a +0 long sword
 g - a +1 whip of electrocution
 r - a +0 short sword of freezing
 w - a +0 flail
 x - a +2 whip of freezing (weapon)
Missiles
 f - 17 poisoned darts (quivered)
 D - 3 silver boomerangs
Armour
 c - a +0 buckler (worn)
 m - a +4 ring mail of poison resistance (worn)
 n - an orb of wrath
 z - a +2 pair of boots (worn)
Jewellery
 l - an amulet of regeneration (around neck)
 p - a ring of magical power
 u - a ring of magical power
 v - an amulet of guardian spirit
 y - a +4 ring of protection (left hand)
Wands
 e - a wand of flame (6)
 q - a wand of mindburst (18)
 t - a wand of iceblast (2)
Scrolls
 j - 7 scrolls of amnesia
 B - a scroll of fog
 C - a scroll of identify
 E - a scroll of enchant armour {unknown}
Potions
 d - 2 potions of might
 h - 2 potions of brilliance
 i - a potion of flight
 k - 2 potions of attraction
 o - a potion of mutation {unknown}
 s - a potion of lignification


   Skills:
 - Level 6.8 Fighting
 - Level 6.1 Long Blades
 * Level 9.3 Maces & Flails
 - Level 4.5 Throwing
 - Level 6.7 Armour
 - Level 6.7 Shields


You had 8 spell levels left.
You didn't know any spells.
Your spell library contained the following spells:

 Spells                   Type           Power      Damage    Failure   Level
 Foxfire                  Conj/Fire      0%         2x1d4     71%         1
 Magic Dart               Conj           0%         1d3       71%         1
 Sandblast                Erth           0%         2d4       71%         1
 Ensorcelled Hibernation  Hex/Ice        0%         N/A       83%         2
 Passwall                 Tmut/Erth      0%         N/A       83%         2
 Searing Ray              Conj           0%         2d4       83%         2
 Conjure Flame            Conj/Fire      0%         6-21      97%         3
 Inner Flame              Hex/Fire       0%         N/A       97%         3
 Spider Form              Tmut/Pois      0%         N/A       97%         3
 Stone Arrow              Conj/Erth      0%         3d7       97%         3
 Anguish                  Hex/Necr       0%         N/A       100%        4
 Flame Wave               Conj/Fire      0%         2d4       100%        4
 Fulminant Prism          Conj/Hex       0%         3d6       100%        4
 Alistair's Intoxication  Tmut/Pois      0%         N/A       100%        5
 Borgnjor's Vile Clutch   Necr/Erth      0%         N/A       100%        5
 Eringya's Noxious Bog    Tmut/Pois      0%         N/A       100%        6


Dungeon Overview and Level Annotations

Branches:
Dungeon (9/15)             Temple (1/1) D:7
   Lair: D:8-11         Orc: D:9-12

Altars:
Ashenzari
Cheibriados
Dithmenos
Elyvilon
Fedhas
Gozag
Hepliaklqana
Kikubaaqudgha
Makhleb
Nemelex Xobeh
Okawaru
Qazlal
Ru
Sif Muna
Trog
Vehumet
Wu Jian
Xom
Yredelemnul
Zin
The Shining One

Shops:
D:5 [

Annotations:
D:9 Erica, Erolcha


Innate Abilities, Weirdness & Mutations

You have a pair of horns on your head.
You reflexively headbutt those who attack you in melee.


Message History

You see here a throwing net.
Erolcha gestures at you while chanting. You resist with some effort.
A wyvern comes into view.
The wyvern hisses angrily.
As you read the scroll of fog, it crumbles to dust.
The scroll dissolves into smoke.
You whack the wyvern! You freeze the wyvern. You headbutt the wyvern.
The wyvern is heavily wounded.
You block the wyvern's attack.
You hit the wyvern. You freeze the wyvern.
The wyvern is severely wounded.
The wyvern bites you but does no damage.
The wyvern bites you.
You hit the wyvern but do no damage.
The wyvern is severely wounded.
You block the wyvern's attack.
You completely miss the wyvern.
The wyvern is severely wounded.
The wyvern bites you but does no damage.
You completely miss the wyvern.
The wyvern is severely wounded.
Erolcha hits you with a +0 giant club!!
The wyvern bites you but does no damage.
You feel more buoyant. You block the wyvern's attack.
You hit the wyvern. You freeze the wyvern.
The wyvern is severely wounded.
The wyvern bites you but does no damage.
Erolcha hits you with a +0 giant club!!
* * * LOW HITPOINT WARNING * * *
You feel better. You block the wyvern's attack. x2
You feel better.
Erolcha mumbles some strange words.
Erolcha flickers and vanishes!
Deactivating autopickup; reactivate with Ctrl-A.
The wyvern bites you.
* * * LOW HITPOINT WARNING * * *
You feel better. You block the wyvern's attack. Something hits you!!!
You die...

. .. # ... #.. ....
#..O.## ###############
..... .......
#........(.O..####§.....
...####
##.##########§§{@lD§....
##..### #######...##
......# .# ......#
......### ........#
......#.# ......#..#
......# .#


You could see a steam dragon and a wyvern.

Vanquished Creatures
  An orange demon (D:9)
  A smoke demon (D:8)
  A wyvern (D:9)
  Duvessa (D:7)
  A water moccasin (D:6)
  An orc warrior (D:8)
  2 sky beasts
  4 black bears
  2 ice beasts
  An ogre (D:4)
  A kobold brigand (D:8)
  3 bullfrogs
  2 scorpions
  A necrophage (D:6)
  5 wights (D:6)
  Dowan (D:7)
  A howler monkey (D:5)
  A small abomination (Abyss:1)
  2 jellies (D:6)
  A gnoll shaman (D:7)
  2 hounds (D:5)
  4 orc priests
  Jessica (D:3)
  3 iguanas (D:6)
  Terence (D:3)
  2 orc wizards
  Robin (D:2)
  4 gnolls (D:7)
  7 adders
  2 river rats (D:5)
  A shadow imp (D:7)
  5 white imps
  2 ufetubi
  A worm (D:3)
  2 dart slugs
  14 orcs
  4 endoplasms
  3 giant cockroaches
  14 goblins
  9 hobgoblins
  12 jackals
  13 kobolds
  A quokka (D:1)
  8 ball pythons
  8 bats
  3 frilled lizards
  7 rats
167 creatures vanquished.

Vanquished Creatures (collateral kills)
  2 orc priests (D:6)
  An orc (D:8)
3 creatures vanquished.

Vanquished Creatures (others)
  A bullfrog zombie (D:7)
  An orc wizard (D:9)
  A spectral white imp (D:8)
  3 orcs (D:9)
  A kobold zombie (D:8)
  3 orc zombies (D:8)
10 creatures vanquished.

Grand Total: 180 creatures vanquished

Notes
Turn   | Place    | Note
-------+----------+-------------------------------------------
     0 | D:1      | Vlad6379123 the Minotaur Fighter began the quest for the
                  | Orb.
     0 | D:1      | Reached XP level 1. HP: 19/19 MP: 0/0
   136 | D:1      | Reached XP level 2. HP: 27/27 MP: 1/1
   608 | D:1      | Reached skill level 1 in Throwing
   989 | D:2      | Reached XP level 3. HP: 33/33 MP: 2/2
  1054 | D:2      | Noticed Robin
  1733 | D:2      | Killed Robin
  2392 | D:2      | Found a faded altar of an unknown god.
  2402 | D:2      | Prayed at the altar of an unknown god.
  2402 | D:2      | Became a worshipper of Makhleb the Destroyer
  2402 | D:2      | Reached * piety under Makhleb
  2542 | D:3      | Reached XP level 4. HP: 40/40 MP: 3/3
  2594 | D:3      | Noticed Terence
  2602 | D:3      | Killed Terence
  3156 | D:3      | Reached ** piety under Makhleb
  3165 | D:3      | Noticed Jessica
  3168 | D:3      | Killed Jessica
  3169 | D:3      | Reached XP level 5. HP: 47/47 MP: 4/4
  3572 | D:4      | You fall into a shaft and drop 3 floors!
  3616 | D:6      | Found a sacrificial altar of Ru.
  3739 | D:5      | Entered Level 5 of the Dungeon
  3784 | D:5      | Reached XP level 6. HP: 50/55 MP: 5/5
  3949 | D:5      | Found a glowing drain.
  3954 | D:5      | Reached skill level 5 in Armour
  4147 | D:5      | Reached skill level 5 in Fighting
  4399 | D:4      | Found a broken altar of Ashenzari.
  4411 | D:4      | Reached skill level 5 in Shields
  4414 | D:4      | Found a stormy altar of Qazlal.
  4658 | D:4      | Reached XP level 7. HP: 47/61 MP: 6/6
  4781 | D:4      | Found a radiant altar of Vehumet.
  5296 | D:5      | Reached skill level 5 in Long Blades
  5301 | D:5      | Found Qagiexzaino's Armour Shop.
  5966 | D:6      | Reached XP level 8. HP: 66/70 MP: 7/7
  6075 | D:6      | Reached *** piety under Makhleb
  6798 | D:6      | Reached skill level 1 in Maces & Flails
  6868 | D:6      | Reached skill level 2 in Maces & Flails
  6897 | D:6      | Reached skill level 3 in Maces & Flails
  6979 | D:6      | Reached skill level 4 in Maces & Flails
  7060 | D:6      | Reached skill level 5 in Maces & Flails
  7274 | D:7      | Reached XP level 9. HP: 78/78 MP: 8/8
  7295 | D:7      | Found a staircase to the Ecumenical Temple.
  7378 | Temple   | Entered the Ecumenical Temple
  7743 | Temple   | Fell from the grace of Makhleb
  7789 | Temple   | Became a worshipper of Yredelemnul the Dark
  8027 | D:7      | Noticed Dowan
  8028 | D:7      | Noticed Duvessa
  8030 | D:7      | Reached skill level 6 in Maces & Flails
  8048 | D:7      | Killed Duvessa
  8064 | D:7      | Killed Dowan
  8205 | D:7      | Reached skill level 7 in Maces & Flails
  8673 | D:8      | Reached skill level 8 in Maces & Flails
  8682 | D:8      | Reached * piety under Yredelemnul
  8757 | D:8      | Reached ** piety under Yredelemnul
  8895 | D:8      | Found an iron altar of Okawaru.
  9180 | D:8      | Noticed a smoke demon
  9196 | D:8      | Killed a smoke demon
  9256 | D:8      | Fell from the grace of Yredelemnul
  9256 | D:8      | Became a worshipper of Warmaster Okawaru
  9258 | D:8      | Noticed a hellwing
  9258 | D:8      | Noticed an orange demon
  9312 | D:9      | Noticed Erolcha
  9403 | D:9      | Noticed Erica
  9471 | D:9      | Reached skill level 9 in Maces & Flails
  9494 | D:9      | Noticed an orange demon
  9503 | D:9      | Killed an orange demon
  9516 | Abyss:1  | Cast into level 1 of the Abyss (Erolcha)
  9534 | Abyss:1  | Noticed a boulder beetle
  9542 | Abyss:1  | Noticed a tyrant leech
  9559 | D:9      | Escaped the Abyss
  9580 | D:9      | HP: 3/78 [Erolcha/+0 giant club (25)]
  9583 | D:9      | Mangled by Erolcha

Illustrated notes

Levels and vault maps discovered:
D:1:      dpeg_arrival_rooms_b, layout_basic, minmay_misc_feat_rows
D:2:      layout_loops_ring, ebering_ecumenical_altar_mist,
          kennysheep_generic_room_13, uniq_robin
D:3:      layout_loops_corners, uniq_jessica, uniq_terence
D:4:      layout_rooms, nicolae_overflow_crystal_walls,
          gammafunk_temple_overflow_pools, serial_glass, glass_columns_a,
          glass_columns_c, minmay_misc_feat_diagonals
D:5:      layout_basic, serial_shops, shop, lightli_sewer_entry_pipes
D:6:      layout_basic, lemuel_tele_altar, minmay_fractal_squares_diagonal_5
D:7:      layout_loops_cross, minmay_temple_entry_glass, uniq_duvessa
D:8:      layout_basic, okawaru_ov_weapons_minmay, nicolae_lava_and_water
D:9:      layout_rooms, minmay_fractal_squares_gapless_7, uniq_amaemon,
          uniq_erolcha, uniq_erica, uniq_prince_ribbit1
Temple:   eino_temple_scatter_basement

Skill      XL: |  1  2  3  4  5  6  7  8  9 |
---------------+----------------------------+-----
Throwing       | 1 2 3 4 |  4.5
Armour         | 4 5 6 |  6.7
Fighting       | 4 5 6 |  6.8
Shields        | 4 5 6 |  6.7
Long Blades    | 3 4 5 6 |  6.1
Maces & Flails | 5 9 |  9.3

Action                   |  1- 3 |  4- 6 |  7- 9 || total
-------------------------+-------+-------+-------++-------
Melee: Long sword        |    90 |   145 |   109 ||   344
       Headbutt          |    11 |    23 |    84 ||   118
       Whip              |       |       |   225 ||   225
Throw: Dart              |     4 |    11 |    29 ||    44
       Throwing net      |       |       |     3 ||     3
Invok: Minor Destruction |       |       |     2 ||     2
       Lesser Servant of |       |       |     1 ||     1
       Recall Undead Har |       |       |     6 ||     6
       Renounce Religion |       |       |     1 ||     1
  Use: Scroll            |     2 |     2 |    13 ||    17
       Potion            |       |       |     7 ||     7
 Stab: Distracted        |       |       |     1 ||     1
Armor: Scale mail        |    52 |     4 |       ||    56
       Ring mail         |       |    65 |   160 ||   225
Dodge: Dodged            |    40 |    65 |   113 ||   218
Block: Buckler           |    29 |    22 |    67 ||   118

Table legend: (Time is in decaauts)
 A = Elapsed time spent in this place.
 B = Non-inter-level travel time spent in this place.
 C = Inter-level travel time spent in this place.
 D = Time resting spent in this place.
 E = Time spent auto-exploring this place.
 F = Levels seen in this place.
 G = Mean time per level.
                   A        B        C        D        E       F      G
               +--------+--------+--------+--------+--------+-----+--------+
         Total |   9655 |   9395 |    260 |    842 |   4123 |  11 |  877.7 |
       Dungeon |   9138 |   9003 |    135 |    842 |   4053 |   9 | 1015.3 |
        Temple |    478 |    353 |    125 |      0 |     70 |   1 |  478.0 |
         Abyss |     38 |     38 |      0 |      0 |      0 |   1 |   38.0 |
               +--------+--------+--------+--------+--------+-----+--------+

Top non-repeatable levels by time:
     D:6: 1591 daAuts
     D:1: 1471 daAuts
     D:3: 1276 daAuts
     D:5: 1153 daAuts
     D:2: 1021 daAuts
     D:8: 902 daAuts
     D:7: 870 daAuts
     D:4: 714 daAuts
  Temple: 478 daAuts
     D:9: 136 daAuts
 Abyss:1: 38 daAuts
